Map: [TLMC15] Curious Minds

Players

TIME (Oliveira)

  • Race: Terran Terran

Maru - Winner!

  • Race: Terran Terran

Event: DreamHack SC2 Masters Last Chance 2022

VOD

Have the link to the VOD?

Description

Time

  • Played on: Jan. 16, 2022, 10:37 a.m.
  • Length: 14:24

All games in this series

Show
View Real Time Build Order
Export as new Build Order

TIME Terran 

Build Orders: Reaper Expand 

Get SALT Encoding   

  12  0:00  SCV  
  13  0:12  SCV  
  14  0:17  Supply Depot  
  14  0:24  SCV  
  15  0:39  SCV  
  15  0:41  Barracks  
  16  0:44  Refinery  
  16  0:51  SCV  
  17  1:03  SCV  
  18  1:15  SCV  
  19  1:28  Reaper, Orbital Command  
  20  1:40  Command Center  
  20  1:49  Supply Depot  
  20  1:54  SCV  
  21  1:59  Marine  
  22  2:06  SCV  
  23  2:08  Factory  
  23  2:15  Bunker  
  23  2:18  SCV  
  24  2:27  Barracks Reactor, Refinery  
  24  2:30  SCV  
  25  2:42  SCV  
  26  2:52  Orbital Command  
  26  2:54  Hellion  
  28  3:00  Starport, SCV  
  28  3:04  Marine x2  
  32  3:12  SCV  
  32  3:16  Factory Tech Lab  
  32  3:22  Marine x2  
  32  3:24  SCV  
  32  3:26  SCV  
  35  3:31  Supply Depot  
  35  3:35  Siege Tank  
  35  3:37  SCV  
  35  3:38  SCV  
  40  3:46  Viking  
  42  3:51  Barracks  
  42  3:54  SCV x2  
  44  3:56  Marine  
  44  3:58  Marine  
  46  4:03  Supply Depot  
  46  4:06  SCV x2  
  48  4:11  Siege Tank  
  51  4:18  SCV x2, Starport Tech Lab  
  51  4:22  Refinery  
  53  4:26  Supply Depot, Marine x2  
  53  4:30  SCV  
  56  4:32  SCV  
  57  4:43  SCV  
  57  4:44  SCV  
  59  4:46  Marine x2  
  59  4:47  Starport Reactor  
  59  4:48  Stimpack, Marine  
  62  4:53  Siege Tank  
  62  4:54  Supply Depot  
  62  4:56  SCV  
  66  5:02  SCV  
  66  5:03  Marine  
  68  5:08  Command Center  
  68  5:10  SCV  
  68  5:13  Marine  
  70  5:16  Supply Depot, SCV  
  70  5:23  Marine x2  
  70  5:24  Medivac x2  
  77  5:28  SCV x2  
  78  5:36  Supply Depot  
  78  5:38  Siege Tank, Marine  
  78  5:40  Marine  
  78  5:42  Supply Depot, SCV  
  84  5:43  SCV  
  84  5:44  Marine  
  86  5:53  Engineering Bay x2  
  86  5:58  Marine  
  86  6:03  Refinery  
  87  6:04  Supply Depot  
  87  6:06  SCV, Marine, Barracks  
  89  6:16  Marine, Starport Reactor  
  88  6:22  Orbital Command  
  88  6:25  SCV x2  
  90  6:27  Combat Shield  
  90  6:30  Terran Infantry Weapons Level 1, Terran Infantry Armor Level 1  
  90  6:31  Marine x2  
  92  6:35  Siege Tank  
  92  6:38  Marine  
  95  6:40  SCV  
  95  6:42  SCV  
  97  6:50  Orbital Command  
  97  6:51  Marine  
  97  6:54  Marine x3  
  98  6:56  Medivac  
  98  6:57  Medivac  
  98  6:58  SCV, Barracks  
  98  7:00  SCV  
  107  7:02  Barracks  
  107  7:05  Marine  
  108  7:08  Siege Tank  
  108  7:09  Marine  
  108  7:11  Supply Depot  
  108  7:13  Marine  
  108  7:14  Marine  
  114  7:18  SCV x3  
  114  7:19  Marine  
  118  7:23  Supply Depot, Marine  
  118  7:27  Marine  
  120  7:31  Marine  
  120  7:32  Viking x2  
  124  7:37  Marine x2  
  124  7:41  Marine  
  124  7:43  SCV x2  
  124  7:44  SCV  
  130  7:45  Supply Depot, Marine  
  130  7:48  Supply Depot, Barracks Reactor  
  130  7:49  Barracks Reactor, Marine  
  132  7:51  Siege Tank  
  132  7:54  Armory  
  132  7:55  SCV x2  
  132  7:58  SCV  
  138  8:01  Marine  
  138  8:02  Marine  
  140  8:10  SCV  
  140  8:11  Marine  
  140  8:12  Marine  
  143  8:13  Viking x2  
  143  8:14  SCV x2  
  143  8:17  Supply Depot  
  149  8:25  Marine  
  149  8:26  Refinery  
  150  8:27  Refinery  
  150  8:29  Siege Tank, Command Center  
  150  8:30  SCV x2  
  150  8:33  SCV  
  156  8:37  Factory  
  156  8:41  Marine x2  
  156  8:46  SCV, Barracks Reactor  
  158  8:48  Viking  
  158  8:50  Marine x2  
  158  8:51  SCV  
  158  8:53  Marine  
  158  8:54  Medivac  
  165  8:55  Supply Depot  
  165  8:58  Sensor Tower  
  165  9:01  Supply Depot, Marine  
  165  9:03  Supply Depot  
  165  9:05  Marine  
  165  9:08  Marine x3  
  169  9:10  Siege Tank  
  169  9:12  Marine  
  169  9:13  Terran Infantry Weapons Level 2  
  173  9:17  SCV x3  
  173  9:21  Terran Infantry Armor Level 2  
  173  9:22  Marine  
  173  9:24  Marine x2  
  177  9:25  Marine  
  179  9:35  Marine x2  
  180  9:43  Planetary Fortress  
  180  9:44  Marine x3  
  180  9:45  Siege Tank  
  186  9:46  Siege Tank  
  189  9:59  Marine  
  183  10:11  Marine x2  
  157  10:18  Marine  
  157  10:20  Siege Tank  
  138  10:22  Marine  
  138  10:23  Marine x4  
  138  10:24  Siege Tank  
  138  10:25  Medivac x2, Marine x2  
  138  10:27  Terran Vehicle Weapons Level 1  
  149  10:29  SCV x4, Marine x2  
  155  10:36  Marine, Barracks  
  155  10:37  Barracks  
  155  10:39  Marine  
  155  10:41  SCV, Marine x2  
  160  10:45  Marine x2  
  162  10:52  Marine x2  
  162  10:56  Marine  
  164  11:01  Marine x4  
  164  11:02  Siege Tank x2  
  164  11:03  Medivac x2  
  178  11:06  Barracks  
  178  11:07  Marine x2  
  178  11:10  Marine x3  
  183  11:13  Marine  
  184  11:18  Marine  
  184  11:19  Command Center  
  184  11:25  Command Center  
  177  11:27  Marine  
  177  11:28  Marine  
  177  11:31  Marine  
  177  11:33  Marine x5  
  177  11:34  Barracks Reactor x2  
  182  11:44  Marine x2  
  182  11:46  Medivac x2, Siege Tank x2  
  190  11:48  Marine x2  
  190  11:49  Marine  
  192  11:56  Marine x2  
  192  11:57  Barracks Reactor  
  192  11:58  Marine  
  195  12:07  Marine x2  
  172  12:18  Marine x2  
  172  12:20  Marine x2  
  172  12:21  Marine x7  
  172  12:22  Siege Tank x2  
  161  12:23  Medivac x2, Marine  
  161  12:25  Marine x2  
  161  12:28  Refinery  
  161  12:29  Refinery  
  163  12:34  Marine x2  
  163  12:36  Marine x2  
  167  12:38  Marine  
  165  12:48  Marine  
  165  12:50  Marine  
  134  12:51  Marine x2  
  134  12:52  Marine x6  
  134  12:54  Marine x3  
  134  12:55  Siege Tank  
  134  12:56  Medivac  
  134  12:57  Medivac  
  134  12:58  Marine x2  
  142  12:59  Marine  
  142  13:00  Siege Tank  
  146  13:06  Marine  
  146  13:07  Marine  
  146  13:09  Marine x2  
  146  13:10  Marine x6  
  146  13:12  Marine  
  144  13:14  Marine x2  
  144  13:18  Marine  
  144  13:19  Marine  
  145  13:24  Marine x2  
  145  13:25  Marine  
  146  13:27  Siege Tank, Marine  
  146  13:28  Marine  
  146  13:30  SCV  
  146  13:31  SCV x3  
  146  13:32  Marine  
  146  13:33  Marine x4  
  156  13:36  Marine x2  
  156  13:37  Marine x2  
  156  13:41  Marine x3  
  156  13:42  Siege Tank, Marine  
  156  13:43  Marine  
  156  13:45  Medivac, Marine  
  156  13:46  Marine  
  161  13:50  Marine  
  161  13:54  Marine x6  
  161  13:55  Marine x2  
  161  13:59  Marine  
Show
View Real Time Build Order
Export as new Build Order

Maru Terran - Winner!

Build Orders:  

Get SALT Encoding   

  12  0:00  SCV  
  13  0:12  SCV  
  14  0:17  Supply Depot  
  14  0:24  SCV  
  15  0:38  SCV  
  15  0:40  Barracks  
  16  0:43  Refinery  
  16  0:50  SCV  
  16  0:52  Refinery  
  17  1:02  SCV  
  18  1:14  SCV  
  19  1:27  Reaper, Orbital Command  
  20  1:34  Supply Depot  
  20  1:41  Factory  
  20  1:53  SCV  
  21  1:59  Reaper  
  22  2:05  SCV  
  23  2:17  SCV  
  23  2:21  Command Center  
  24  2:26  Hellion  
  24  2:29  SCV  
  27  2:32  Barracks Reactor  
  27  2:41  Starport, SCV  
  28  2:47  Supply Depot  
  28  2:49  Factory Tech Lab  
  28  2:53  SCV  
  29  3:06  SCV  
  30  3:15  Marine  
  30  3:16  Marine  
  30  3:17  Cyclone  
  30  3:19  Refinery  
  35  3:24  SCV  
  35  3:25  Starport Tech Lab  
  36  3:32  Orbital Command  
  36  3:36  Marine  
  36  3:38  Marine  
  38  3:43  SCV  
  38  3:46  Raven  
  41  3:56  SCV  
  41  3:58  SCV  
  43  4:03  Siege Tank  
  43  4:08  SCV  
  47  4:10  SCV  
  47  4:11  Supply Depot  
  48  4:20  SCV  
  48  4:22  SCV  
  50  4:27  Marine x2  
  50  4:29  Raven  
  53  4:32  SCV  
  53  4:33  Supply Depot  
  53  4:34  SCV  
  55  4:40  Siege Tank  
  55  4:44  SCV  
  59  4:46  SCV  
  59  4:48  Marine x2  
  62  4:53  Supply Depot  
  62  4:57  SCV  
  62  4:58  SCV  
  64  5:02  Command Center  
  64  5:09  SCV  
  64  5:10  SCV  
  64  5:12  Raven  
  68  5:16  Supply Depot  
  68  5:19  Refinery  
  68  5:20  Siege Tank  
  71  5:22  SCV  
  71  5:25  SCV  
  73  5:29  Supply Depot  
  73  5:33  Marine  
  73  5:34  SCV, Marine  
  76  5:37  SCV  
  77  5:42  Barracks  
  77  5:44  Barracks  
  77  5:46  SCV  
  79  5:50  SCV  
  79  5:53  Siege Tank  
  82  5:59  SCV  
  83  6:05  Stimpack, Viking, Marine  
  83  6:07  Viking  
  83  6:09  SCV  
  89  6:15  Orbital Command  
  89  6:20  SCV  
  89  6:25  SCV  
  91  6:26  Engineering Bay  
  91  6:27  Engineering Bay  
  91  6:31  Siege Tank  
  91  6:32  SCV  
  95  6:37  Barracks Reactor x2, SCV  
  96  6:42  Viking x2  
  96  6:44  SCV  
  96  6:46  SCV  
  102  6:49  SCV  
  102  6:52  Supply Depot  
  103  6:56  SCV  
  103  6:57  Terran Infantry Weapons Level 1, Terran Infantry Armor Level 1  
  103  6:58  Missile Turret  
  103  6:59  SCV  
  103  7:01  Missile Turret  
  103  7:03  SCV  
  103  7:06  Sensor Tower, Marine  
  105  7:15  SCV x2, Siege Tank  
  109  7:16  Marine x3  
  109  7:17  Refinery, Marine  
  109  7:18  Refinery  
  109  7:22  Missile Turret  
  114  7:23  Supply Depot  
  114  7:27  Supply Depot  
  114  7:30  Marine  
  114  7:31  SCV  
  114  7:32  SCV  
  115  7:37  Medivac  
  115  7:42  Missile Turret  
  115  7:43  Supply Depot  
  117  7:44  Medivac, SCV x2  
  117  7:47  Combat Shield  
  117  7:49  Barracks  
  121  7:51  Siege Tank  
  121  7:52  Barracks  
  121  7:54  Marine x2  
  126  7:59  SCV x2  
  126  8:04  SCV, Armory  
  129  8:11  Medivac, SCV  
  129  8:12  SCV  
  133  8:14  Medivac  
  133  8:15  Marine x3  
  133  8:16  SCV  
  139  8:22  Command Center  
  139  8:23  Supply Depot  
  139  8:29  Missile Turret  
  139  8:37  Barracks Reactor  
  139  8:39  Supply Depot  
  139  8:41  Supply Depot, Barracks Reactor  
  139  8:42  SCV x2  
  139  8:45  SCV, Siege Tank  
  139  8:48  Medivac x2  
  149  8:52  Terran Infantry Weapons Level 2  
  149  8:57  Supply Depot  
  149  8:58  Marine x4  
  149  8:59  SCV, Terran Infantry Armor Level 2  
  154  9:11  Factory  
  154  9:13  SCV x3  
  154  9:16  Marine x4  
  161  9:17  Barracks Reactor  
  161  9:21  Missile Turret  
  161  9:23  Missile Turret  
  161  9:25  SCV  
  161  9:26  Marine x2  
  161  9:27  Marine x2  
  161  9:30  Siege Tank  
  161  9:31  Viking x2  
  171  9:34  Marine x3  
  176  9:41  Marine  
  177  9:46  Sensor Tower  
  177  9:51  Marine x4  
  177  9:52  Marine  
  182  10:02  Missile Turret, Siege Tank  
  172  10:11  Marine  
  172  10:12  Siege Tank  
  164  10:14  SCV  
  164  10:15  Marine x3  
  164  10:16  Marine  
  164  10:20  Marine x3  
  164  10:21  Marine  
  156  10:24  Liberator, Marine  
  156  10:29  Marine  
  156  10:30  SCV x3  
  156  10:33  Sensor Tower, Marine x3  
  156  10:34  Siege Tank  
  166  10:37  Marine  
  166  10:38  Marine x2  
  166  10:39  Terran Vehicle Weapons Level 1  
  166  10:41  Marine x2  
  166  10:42  SCV, Marine  
  173  10:44  Siege Tank  
  176  10:54  Viking, Marine  
  176  10:55  Marine  
  179  10:57  Command Center  
  179  10:59  Command Center  
  179  11:06  Siege Tank  
  179  11:09  Viking  
  184  11:16  Siege Tank  
  184  11:17  Sensor Tower  
  184  11:18  Sensor Tower  
  187  11:20  Planetary Fortress  
  181  11:28  Marine  
  181  11:29  Marine x2  
  183  11:37  Refinery  
  183  11:38  Refinery  
  183  11:39  Siege Tank  
  186  11:41  Marine  
  186  11:42  Marine  
  186  11:45  Sensor Tower  
  188  11:47  Viking x2  
  188  11:48  Siege Tank  
  195  11:58  Command Center  
  195  12:00  Marine  
  196  12:09  Marine x4  
  196  12:10  Marine  
  196  12:11  Siege Tank  
  196  12:14  Marine  
  187  12:16  Marine x2  
  187  12:20  Siege Tank  
  187  12:22  Marine x2  
  183  12:27  Marine x5, Orbital Command  
  188  12:32  Liberator x2  
  188  12:33  Marine  
  188  12:34  Marine x2  
  197  12:37  Starport  
  197  12:39  Starport  
  170  12:51  Marine x3  
  170  12:52  Siege Tank, Marine  
  170  12:57  Siege Tank  
  180  13:06  Planetary Fortress  
  180  13:12  Marine  
  177  13:13  Marine x8  
  186  13:21  Liberator x2  
  186  13:25  Marine  
  187  13:29  Starport Tech Lab x2  
  187  13:30  Siege Tank, Marine  
  191  13:34  Refinery x2  
  191  13:35  Command Center  
  188  13:49  Marine x3  
  188  13:50  Siege Tank  
  188  13:53  Marine  
  188  13:54  Marine x2  
  188  13:55  Marine x4  

Tags
 
Add a new tag
Caveats
  • Supply blocks, unpowered buildings, or Contaminate may cause inaccurate times.
  • Supply counts are checked every 10 seconds.